 Dungeon Crawl Stone Soup version 0.31-a0-233-g139696dc86 (webtiles) character file.

Game seed: 11984651494156312334

153 qw the Shooter (level 5, -1/45 HPs)
             Began as a Minotaur Hexslinger on July 8, 2023.
             Slain by a gnoll
             ... wielding a +0 halberd of distortion
              (21 damage)
             ... on level 4 of the Dungeon.
             The game lasted 00:00:52 (2692 turns).

qw the Shooter (Minotaur Hexslinger)                Turns: 2692, Time: 00:00:53

Health: -1/45      AC:  5    Str: 13    XL:     5   Next: 12%
Magic:  5/5        EV: 11    Int: 10    God:
Gold:   198        SH:  0    Dex: 14    Spells: 5/6 levels left

rFire   . . .        Y - +1 sling
rCold   . . .        (no shield)
rNeg    . . .        l - +0 ring mail
rPois   .            (helmet restricted)
rElec   .            (no cloak)
rCorr   .            (no gloves)
SInv    .            (no boots)
Will    .....        (no amulet)
Stlth   +            (no ring)
HPRegen 0.27/turn    (no ring)
MPRegen 0.09/turn

%: no passive effects
@: no status effects
A: horns 2, retaliatory headbutt
a: no special abilities


You were on level 4 of the Dungeon.
You visited 1 branch of the dungeon, and saw 4 of its levels.

You collected 198 gold pieces.


Innate Abilities, Weirdness & Mutations

You have a pair of horns on your head.
You reflexively headbutt those who attack you in melee.


   Skills:
 - Level 3.0 Fighting
 - Level 5.2 Ranged Weapons
 + Level 0.1 Armour
 - Level 2.1 Dodging
 - Level 1.0 Spellcasting
 - Level 2.0 Hexes


You had 5 spell levels left.
You knew the following spells:

 Your Spells              Type           Power      Damage    Failure   Level
a - Slow                  Hex            16%        N/A       32%         1

Your spell library contained the following spells:

 Spells                   Type           Power      Damage    Failure   Level
 Inner Flame              Hex/Fire       2%         N/A       83%         3
 Portal Projectile        Hex/Tloc       4%         N/A       83%         3
 Cause Fear               Hex            2%         N/A       97%         4

Inventory:

Hand Weapons
 Y - a +1 sling (weapon)
Armour
 l - a +0 ring mail (worn)
Scrolls
 a - a scroll of enchant armour
 m - 2 scrolls of teleportation
Potions
 b - a potion of might {unknown}
 c - a potion of brilliance {unknown}
 e - a potion of enlightenment {unknown}
 g - a potion of berserk rage {unknown}
 i - a potion of mutation {unknown}
 j - a potion of attraction {unknown}
 k - a potion of haste {unknown}

Dungeon Overview and Level Annotations

Branches:
Dungeon (4/15)
 Temple: D:4-7

Altars:
Xom

Shops:
D:1 =!=

Annotations:
D:2 1 runed translucent door, Crazy Yiuf


Message History

Where to? (* - list waypoints, Enter - D:3, ? - help)
What level of the Dungeon? (default 1, ? - help)
There is a stone staircase leading down here.
You climb downwards.
There is a stone staircase leading up here.
Waypoint 3 assigned to D:4.
An endoplasm comes into view.
The endoplasm quivers.
You shoot a sling bullet. The sling bullet hits the endoplasm.
The endoplasm is heavily wounded.
You shoot a sling bullet. The sling bullet hits the endoplasm.
You kill the endoplasm!
Found a stone staircase leading down.
A gnoll comes into view. It is wielding a +0 whip.
The gnoll shouts!
You hear a shout! x3
An adder comes into view.
You shoot a sling bullet.
The sling bullet hits the gnoll but does no damage.
You shoot a sling bullet. The sling bullet hits the gnoll.
The gnoll is moderately wounded.
A gnoll comes into view.
It is wielding a +0 halberd of distortion.
You shoot a sling bullet.
The sling bullet closely misses the gnoll.
The sling bullet hits the adder.
The adder is heavily wounded.
A gnoll comes into view. It is wielding a +0 spear.
The gnoll hits you with a +0 whip.
You shoot a sling bullet. The sling bullet hits the gnoll.
The gnoll is heavily wounded.
The gnoll closely misses you.
A gnoll comes into view. It is wielding a +0 halberd.
The gnoll barely misses you. You furiously retaliate!
You headbutt the gnoll. You shoot a sling bullet.
The sling bullet hits the gnoll.
The gnoll is severely wounded.
The gnoll hits you from afar with a +0 halberd of distortion!
Space warps horribly around you! The gnoll hits you with a +0 whip.
You shoot a sling bullet. The sling bullet hits the gnoll.
You kill the gnoll!
The gnoll hits you but does no damage. Space warps horribly around you!!
You die...

..# ##. #.## ..
#<### .. ##..##
#. ##..# #g. #..#
#..### ##..#
####.gS.#####..##
#......@......##
############..##
##>## ##..##
#8...8 ##..##
#.....# ##..##
#8..!..8 ##..#
##.....## #..#
#8...8# ####..#
##....##


You could see 2 gnolls and an adder.

Vanquished Creatures
  Jessica (D:2)
  A gnoll (D:4)
  5 adders
  A shadow imp (D:3)
  A worm (D:2)
  8 orcs
  6 endoplasms
  2 giant cockroaches
  9 goblins
  3 hobgoblins
  2 jackals (D:2)
  3 quokkas
  5 ball pythons
  5 bats
  3 frilled lizards
  5 kobolds
  3 rats
63 creatures vanquished.

Notes
Turn   | Place    | Note
-------+----------+-------------------------------------------
     0 | D:1      | qw the Minotaur Hexslinger began the quest for the Orb.
     0 | D:1      | Reached XP level 1. HP: 16/16 MP: 1/1
     0 | D:1      | 0 ||| qw: Version: 0.3-a-46-gb1f654a
     0 | D:1      | 0 ||| qw: Game counter: 3679
     0 | D:1      | 0 ||| qw: Melee chars always use a shield: true
     0 | D:1      | 0 ||| qw: God list: Okawaru
     0 | D:1      | 0 ||| qw: Allow faded altars: false
     0 | D:1      | 0 ||| qw: Do Orc after clearing Dungeon:15 true
     0 | D:1      | 0 ||| qw: Do second Lair branch before Depths: true
     0 | D:1      | 0 ||| qw: Lair rune preference: random
     0 | D:1      | 0 ||| qw: Goals: Normal
     0 | D:1      | 0 ||| PLANNING D:1-11
   105 | D:1      | Found Husug's Distillery.
   113 | D:1      | 113 ||| SHOPLISTING 2 potions of curing (84 gold, have 11).
   113 | D:1      | 113 ||| SHOPLISTING potion of curing (42 gold, have 11).
   113 | D:1      | 113 ||| SHOPLISTING potion of enlightenment (70 gold, have
                  | 11).
   215 | D:1      | Found Yloarearad's Jewellery Emporium.
   228 | D:1      | 228 ||| SHOPLISTING +6 ring of dexterity (432 gold, have
                  | 19).
   228 | D:1      | 228 ||| SHOPLISTING amulet of faith (480 gold, have 19).
   228 | D:1      | 228 ||| SHOPLISTING ring "Ohitan" {rPois Str+6 Int+3} (642
                  | gold, have 19).
   228 | D:1      | 228 ||| SHOPLISTING ring of poison resistance (240 gold,
                  | have 19).
   228 | D:1      | 228 ||| SHOPLISTING ring of positive energy (240 gold, have
                  | 19).
   228 | D:1      | 228 ||| SHOPLISTING ring of protection from fire (300 gold,
                  | have 19).
   338 | D:1      | Reached skill level 3 in Ranged Weapons
   347 | D:1      | Reached XP level 2. HP: 20/23 MP: 2/2
   629 | D:1      | Found a faded altar of an unknown god.
   641 | D:1      | Found Qoexkec's Jewellery Boutique.
   653 | D:1      | 653 ||| SHOPLISTING +6 ring of dexterity (432 gold, have
                  | 61).
   653 | D:1      | 653 ||| SHOPLISTING +6 ring of strength (432 gold, have
                  | 61).
   653 | D:1      | 653 ||| SHOPLISTING amulet of faith (480 gold, have 61).
   653 | D:1      | 653 ||| SHOPLISTING ring of ice (300 gold, have 61).
   653 | D:1      | 653 ||| SHOPLISTING ring of protection from cold (300 gold,
                  | have 61).
   667 | D:1      | 667 ||| UPGRADING to +0 leather armour.
   677 | D:1      | 677 ||| DROPPING +0 robe.
   678 | D:1      | 678 ||| READING 2 scrolls labelled YWNOSA JUD XOK.
   679 | D:1      | 679 ||| READING scroll labelled XACZEWARUQ.
   680 | D:1      | 680 ||| READING scroll labelled IREP GEAGIU.
   681 | D:1      | 681 ||| READING scroll labelled DOTOYP CYCEIL.
   682 | D:1      | 682 ||| DROPPING scroll of poison.
   973 | D:2      | Found a shimmering altar of Xom.
   985 | D:2      | HP: 3/24 [orc/+0 whip (5)]
   987 | D:2      | Reached XP level 3. HP: 5/29 MP: 3/3
  1233 | D:2      | Found a runed translucent door.
  1234 | D:2      | Noticed Crazy Yiuf
  1321 | D:2      | Noticed Jessica
  1323 | D:2      | Killed Jessica
  1324 | D:2      | Reached skill level 4 in Ranged Weapons
  1324 | D:2      | Reached XP level 4. HP: 36/36 MP: 4/4
  1705 | D:3      | Reached skill level 5 in Ranged Weapons
  2036 | D:3      | 2036 ||| FLEEEEING.
  2037 | D:3      | 2037 ||| FLEEEEING.
  2038 | D:3      | 2038 ||| FLEEEEING.
  2039 | D:3      | 2039 ||| FLEEEEING.
  2040 | D:3      | 2040 ||| FLEEEEING.
  2041 | D:3      | 2041 ||| FLEEEEING.
  2042 | D:3      | 2042 ||| FLEEEEING.
  2043 | D:3      | 2043 ||| FLEEEEING.
  2044 | D:3      | 2044 ||| FLEEEEING.
  2045 | D:3      | 2045 ||| FLEEEEING.
  2046 | D:3      | 2046 ||| FLEEEEING.
  2294 | D:3      | Reached skill level 3 in Fighting
  2344 | D:3      | 2344 ||| FLEEEEING.
  2537 | D:3      | Reached XP level 5. HP: 30/45 MP: 5/5
  2626 | D:3      | 2626 ||| UPGRADING to +0 ring mail.
  2636 | D:3      | 2636 ||| DROPPING +0 leather armour.
  2637 | D:3      | 2637 ||| DROPPING ring of magical power.
  2638 | D:3      | 2638 ||| READING 2 scrolls labelled UVOTEL ORPHE.
  2639 | D:3      | 2639 ||| READING 3 scrolls labelled EHOIN LAWITEE.
  2643 | D:3      | 2643 ||| DROPPING scroll of fear.
  2692 | D:4      | Slain by a gnoll

Levels and vault maps discovered:
D:1:      ncdulo_wetmaze, layout_basic, ebering_ecumenical_altar_box,
          serial_shops, shop, shop, nicolae_shop_tiny_glass, glass_columns_a
D:2:      layout_loops_ring, basic_altar, kennysheep_another_room,
          minmay_fountain_box, chequers_arboretum, uniq_crazy_yiuf_cottage,
          uniq_jessica
D:3:      layout_loops_corners, minmay_goblin_outpost
D:4:      layout_layer_cave, nicolae_overflow_hidden_temple, uniq_menkaure

Skill      XL: |  1  2  3  4 |
---------------+-------------+-----
Ranged Weapons | 3 4 5 |  5.2
Fighting       | 2 3 |  3.0
Armour         | |  0.1
Dodging        | |  2.1
Spellcasting   | |  1.0
Hexes          | |  2.0

Action                     |  1- 3 |  4- 6 || total
---------------------------+-------+-------++-------
   Fire: Sling             |    76 |   100 ||   176
    Use: Scroll            |     4 |     2 ||     6
 Armour: Robe              |     1 |       ||     1
         Leather armour    |     3 |     8 ||    11
         Ring mail         |       |     1 ||     1
  Dodge: Dodged            |    24 |    24 ||    48

Table legend:
 A = Non-vault XP
 B = Vault XP
 C = Vault XP percentage of total XP
 D = Non-vault monster count
 E = Vault monster count
 F = Vault count percentage of total count
                 A         B        C        D         E       F
            +---------+---------+-------+---------+---------+-------
      Total |     185 |      49 |  20.9 |      56 |       7 |  11.1
            +---------+---------+-------+---------+---------+-------
        D:1 |      23 |       0 |   0.0 |      16 |       0 |   0.0
        D:2 |      65 |      37 |  36.3 |      15 |       1 |   6.2
        D:3 |      80 |      12 |  13.0 |      23 |       6 |  20.7
        D:4 |      17 |       0 |   0.0 |       2 |       0 |   0.0
            +---------+---------+-------+---------+---------+-------
